 Dungeon Crawl Stone Soup version 0.25.1-8-g42b30a86e7 (webtiles) character file.

Game seed: 14396463558559112583

193 Mattiprrivan the Ducker (level 5, -7/25 HPs)
             Began as a Spriggan Monk on Aug 2, 2020.
             Mangled by a worm (9 damage)
             ... on level 2 of the Dungeon on Dec 24, 2020.
             The game lasted 00:34:05 (1482 turns).

Mattiprrivan the Ducker (Spriggan Monk)             Turns: 1482, Time: 00:34:06

Health: -7/25      AC:  3    Str:  7    XL:     5   Next: 43%
Magic:  6/6        EV: 21    Int: 11    God:
Gold:   38         SH:  0    Dex: 18    Spells: 4/4 levels left

rFire    . . .     SeeInvis +   a - +0 short sword
rCold    + . .     Gourm    .   (shield restricted)
rNeg     . . .     Faith    .   b - +0 robe
rPois    +         Spirit   .   (helmet restricted)
rElec    .         Reflect  .   e - +0 cloak
rCorr    .         Harm     .   (gloves unavailable)
MR       .....                  (boots unavailable)
Stlth    +.........             (no amulet)
HPRegen  0.08/turn              (no ring)
MPRegen  0.10/turn              (no ring)

@: confused, very quick
A: very small, unfitting armour, antennae 1, see invisible, clumsy 1, cold
resistance 1, herbivore, speed 3, frail 1, poison resistance, slow metabolism 2,
evolution 1
a: no special abilities


You were on level 2 of the Dungeon.
You were not hungry.

You visited 1 branch of the dungeon, and saw 2 of its levels.

You collected 38 gold pieces.

Inventory:

Hand Weapons
 a - a +0 short sword (weapon)
 d - a +0 dagger
 f - a +0 dagger
 j - a +0 short sword
Missiles
 c - 25 bolts
 g - 20 sling bullets
Armour
 b - a +0 robe (worn)
 e - a +0 cloak (worn)
Comestibles
 h - 2 rations


   Skills:
 + Level 2.8 Fighting
 + Level 4.6 Short Blades
 * Level 1.7 Throwing
 + Level 5.6 Dodging
 + Level 5.1 Stealth


You had 4 spell levels left.
You didn't know any spells.
Your spell library was empty.

Dungeon Overview and Level Annotations

Branches:
Dungeon (2/15)

Altars:


Innate Abilities, Weirdness & Mutations

You are very small and have problems with some larger weapons.
You are too small for most types of armour.
You have supernaturally acute eyesight. (SInv)
You are a herbivore.
You cover ground extremely quickly.
You need to consume almost no food.
You have a pair of small antennae on your head.
You are clumsy. (Dex -2)
Your flesh is cold resistant. (rC+)
You are frail. (-10% HP)
Your system is resistant to poisons. (rPois)
You evolve.


Message History

Sigmund gestures at you while chanting.
You are confused.
You bump into the rock wall.
Sigmund gestures at you while chanting.
You are more confused.
You closely miss Sigmund.
Sigmund is almost dead.
Sigmund says, "Don't worry, I'll kill you fast."
Sigmund barely misses you.
You hit Sigmund.
You kill Sigmund!
Your Short Blades skill increases to level 4!
Your Throwing skill increases to level 1!
Your Stealth skill gained 2 levels and is now at level 5!
You have reached level 4!
You have reached level 5!
You feel agile.
You bump into the rock wall.
You hit the worm but do no damage. The worm bites you!
You die...

#..# ##.#
#######.#
........#
######..#
#..##
#...#
#.#.#
#@#..#
#w##.#
#.# .#
#.# .#
#.# %#
#.# ..
#.# #.#


You could see a worm.

Vanquished Creatures
  Sigmund (D:2)
  An adder (D:2)
  An ooze (D:2)
  A leopard gecko (D:1)
  3 goblins
  3 hobgoblins (D:1)
  5 bats
  5 frilled lizards
  4 kobolds
  4 rats (D:1)
28 creatures vanquished.

Notes
Turn   | Place    | Note
-------+----------+-------------------------------------------
     0 | D:1      | Mattiprrivan the Spriggan Monk began the quest for the Orb.
     0 | D:1      | Reached XP level 1. HP: 11/11 MP: 2/2
   310 | D:1      | Gained mutation: You do not regenerate when monsters are
                  | visible. [potion of mutation]
   310 | D:1      | Gained mutation: Your flesh is cold resistant. (rC+)
                  | [potion of mutation]
   310 | D:1      | Gained mutation: Your system is resistant to poisons.
                  | (rPois) [potion of mutation]
   440 | D:1      | Upgraded the game from 0.25.1-2-g60ff931df9 to
                  | 0.25.1-8-g42b30a86e7
   589 | D:1      | Lost mutation: You do not regenerate when monsters are
                  | visible. [potion of mutation]
   589 | D:1      | Gained mutation: You are frail. (-10% HP) [potion of
                  | mutation]
   589 | D:1      | Gained mutation: You evolve. [potion of mutation]
   589 | D:1      | Gained mutation: You are clumsy. (Dex -2) [potion of
                  | mutation]
   589 | D:1      | Gained mutation: You have a pair of small antennae on your
                  | head. [potion of mutation]
   691 | D:1      | Reached XP level 2. HP: 11/14 MP: 3/3
  1280 | D:2      | Reached skill level 5 in Dodging
  1280 | D:2      | Reached XP level 3. HP: 14/17 MP: 4/4
  1462 | D:2      | Noticed Sigmund
  1480 | D:2      | Killed Sigmund
  1480 | D:2      | Reached skill level 1 in Throwing
  1480 | D:2      | Reached skill level 5 in Stealth
  1480 | D:2      | Reached XP level 4. HP: 1/20 MP: 5/5
  1480 | D:2      | Reached XP level 5. HP: 2/25 MP: 6/6
  1482 | D:2      | Mangled by a worm

Illustrated notes

Levels and vault maps discovered:
D:1:      lemuel_arrival_cross, layout_basic
D:2:      layout_basic, first_ration, uniq_crazy_yiuf_cottage, uniq_sigmund

Skill      XL: |  1  2  3 |
---------------+----------+-----
Dodging        | 5 |  5.6
Short Blades   | 4 |  4.6
Throwing       | 1 |  1.7
Stealth        | 5 |  5.1
Fighting       | |  2.8

Action                   |  1- 3 |  4- 6 || total
-------------------------+-------+-------++-------
Melee: Short sword       |    87 |     1 ||    88
  Use: Potion            |     8 |       ||     8
       Scroll            |     4 |       ||     4
 Stab: Sleeping          |     8 |       ||     8
  Eat: Ration            |     1 |       ||     1
Armor: Robe              |     4 |       ||     4
Dodge: Dodged            |    56 |       ||    56
